 Dungeon Crawl Stone Soup version 0.27-a0-1139-g28e009f8a6 (webtiles) character file.

Game seed: 10633769615052730616

35 wayreth the Skirmisher (level 3, -4/55 HPs)
             Began as a Troll Berserker on May 7, 2021.
             Was a Believer of Trog.
             Slain by Sigmund
             ... wielding a +0 scythe
              (7 damage)
             ... on level 2 of the Dungeon.
             The game lasted 00:02:20 (1034 turns).

wayreth the Skirmisher (Troll Berserker)            Turns: 1034, Time: 00:02:20

Health: -4/55      AC:  4    Str: 26    XL:     3   Next: 16%
Magic:  2/2        EV: 10    Int:  3    God:    Trog [**....]
Gold:   26         SH:  0    Dex:  9    Spells: 2/2 levels left

rFire    . . .     SeeInvis .     - Unarmed
rCold    . . .     Faith    .   (no shield)
rNeg     . . .     Spirit   .   a - +0 animal skin
rPois    .         Reflect  .   (helmet restricted)
rElec    .         Harm     .   (no cloak)
rCorr    .         Rampage  .   (gloves unavailable)
Will     .....                  (boots unavailable)
Stlth    ..........             (no amulet)
HPRegen  1.18/turn              (no ring)
MPRegen  0.08/turn              (no ring)

@: berserking (expiring), very quick
A: large, unfitting armour, claws 3, regeneration 1, shaggy fur 1, tough skin 1
a: Renounce Religion, Berserk, Trog's Hand


You were on level 2 of the Dungeon.
You worshipped Trog.
Trog was pleased with you.
You visited 1 branch of the dungeon, and saw 2 of its levels.

You collected 26 gold pieces.

Inventory:

Armour
 a - a +0 animal skin (worn)
Scrolls
 c - a scroll of enchant armour {unknown}
 d - a scroll of noise {unknown}
 f - a scroll of brand weapon {unknown}
Potions
 b - a potion of curing {unknown}
 e - a potion of heal wounds {unknown}


   Skills:
 * Level 3.5 Fighting
 - Level 2.4 Dodging
 - Level 3.0 Unarmed Combat


You had 2 spell levels left.
You didn't know any spells.
Your spell library was empty.

Dungeon Overview and Level Annotations

Branches:
Dungeon (2/15)

Altars:

Shops:
D:1 [

Annotations:
D:2 Sigmund


Innate Abilities, Weirdness & Mutations

You are too large for most types of armour.
You have claws for hands.
Your natural rate of healing is unusually fast.
You are covered in fur. (AC +1)
You have tough skin. (AC +1)


Message History

No target in view!
e - an emerald potion
f - a scroll labelled FIEWIPA LIKKAY Sigmund gestures at you while chanting.
You resist with significant effort. Sigmund barely misses you.
You closely miss Sigmund. Sigmund hits you but does no damage.
You barely miss Sigmund. Sigmund barely misses you.
You closely miss Sigmund.
Sigmund gestures at himself while chanting.
Sigmund flickers and vanishes!
Deactivating autopickup; reactivate with Ctrl-A.
You miss something. Something hits you!
You closely miss something.
A red film seems to cover your vision as you go berserk!
You feel yourself moving faster!
You feel mighty! Something hits you but does no damage.
You closely miss something. Something hits you.
You claw something! You barely miss something. You barely miss something.
You hear some strange, mumbled words.
A magic dart appears from out of thin air!
The magic dart hits you!
You scratch something. Something hits you.
You barely miss something. You closely miss something. Something hits you!
You claw something! You barely miss something. Something hits you.
You miss something. Something hits you.
You closely miss something. You closely miss something. Something hits you.
You miss something. Something hits you!
* * * LOW HITPOINT WARNING * * *
You closely miss something. You closely miss something. Something hits you!
* * * LOW HITPOINT WARNING * * *
You barely miss something. You barely miss something. Something hits you!
You die...

#...### .......
.......
..........####
#............#
............# .
........{..# ...
#.# #..@..#
##..#..##.....#
........#.†...#
#........#
##.#.....#####
##...........##
##.............##
#...............#
#<..............#


There were no monsters in sight!

Vanquished Creatures
  4 ball pythons (D:1)
  6 bats
  5 endoplasms
  A giant cockroach (D:1)
  2 goblins (D:2)
  A hobgoblin (D:1)
  3 jackals (D:2)
  2 kobolds
  3 frilled lizards (D:1)
  5 rats
32 creatures vanquished.

Notes
Turn   | Place    | Note
-------+----------+-------------------------------------------
     0 | D:1      | wayreth the Troll Berserker began the quest for the Orb.
     0 | D:1      | Reached XP level 1. HP: 22/22 MP: 0/0
   228 | D:1      | Reached XP level 2. HP: 29/29 MP: 1/1
   271 | D:1      | Found Yfromam's Antique Armour Shoppe.
   905 | D:2      | Noticed Sigmund
   967 | D:2      | Reached ** piety under Trog
   971 | D:2      | Reached XP level 3. HP: 37/37 MP: 2/2
  1032 | D:2      | HP: 2/55 [something (9)]
  1034 | D:2      | Slain by Sigmund

Illustrated notes

Levels and vault maps discovered:
D:1:      grunt_arrival_crossed_arrows, layout_loops_corners, serial_shops,
          shop, kennysheep_pointless_box
D:2:      layout_rooms, minmay_hexomino_p4, uniq_terence, uniq_sigmund

Skill      XL: |  1  2 |
---------------+-------+-----
Fighting       | 3 |  3.5
Dodging        | |  2.4
Unarmed Combat | |  3.0

Action                   || total
-------------------------++-------
Melee: Unarmed           ||    89
Invok: Berserk           ||     1
Armor: Animal skin       ||    36
Dodge: Dodged            ||    27

Table legend: (Time is in decaauts)
 A = Elapsed time spent in this place.
 B = Non-inter-level travel time spent in this place.
 C = Inter-level travel time spent in this place.
 D = Time resting spent in this place.
 E = Time spent auto-exploring this place.
 F = Levels seen in this place.
 G = Mean time per level.
                   A        B        C        D        E       F      G
               +--------+--------+--------+--------+--------+-----+--------+
         Total |   1024 |    997 |     27 |      0 |    764 |   2 |  512.0 |
       Dungeon |   1024 |    997 |     27 |      0 |    764 |   2 |  512.0 |
               +--------+--------+--------+--------+--------+-----+--------+

Top non-repeatable levels by time:
     D:1: 945 daAuts
     D:2: 78 daAuts
